Map: Thunderbird LE

Players

Snute

  • Race: Zerg Zerg
  • Spawn Location: 5:00

Erik - Winner!

  • Race: Zerg Zerg
  • Spawn Location: 11:00

Event: 2019 WCS Summer

VOD

Have the link to the VOD?

Description

Time

  • Played on: July 12, 2019, 12:46 p.m.
  • Length: 9:20

All games in this series

Show
View Real Time Build Order
Export as new Build Order

Snute Zerg 

Build Orders: Hatch First 

Get SALT Encoding   

  12  0:00  Drone  
  13  0:12  Overlord  
  13  0:17  Drone  
  14  0:30  Drone x2  
  14  0:34  Drone  
  17  0:51  Hatchery  
  17  0:53  Drone  
  17  0:56  Drone  
  18  1:00  Extractor  
  17  1:11  Spawning Pool  
  17  1:15  Drone  
  17  1:18  Drone  
  18  1:27  Drone  
  19  1:43  Evolution Chamber  
  18  1:59  Zergling x4  
  18  2:00  Queen, Spine Crawler  
  22  2:03  Zergling x2  
  22  2:04  Zergling x2  
  24  2:15  Zergling x4  
  25  2:26  Zergling x2  
  25  2:28  Zergling x2  
  25  2:35  Zergling x2  
  21  2:39  Drone  
  21  2:43  Zergling x2  
  21  2:56  Drone  
  21  2:57  Drone  
  22  3:03  Drone  
  22  3:05  Drone  
  24  3:11  Overlord  
  24  3:18  Baneling Nest  
  21  3:30  Drone x2  
  23  3:35  Queen  
  25  3:53  Zergling x4  
  24  3:58  Zergling x2  
  24  4:00  Zergling x2  
  26  4:03  Baneling  
  17  4:25  Drone  
  18  4:32  Drone  
  18  4:35  Drone  
  17  5:08  Drone, Hatchery  
  17  5:14  Drone  
  17  5:20  Drone  
  19  5:23  Drone  
  21  5:28  Drone  
  21  5:32  Drone  
  22  5:38  Drone  
  22  5:39  Drone  
  24  5:44  Drone  
  24  5:47  Drone  
  26  6:00  Queen  
  26  6:05  Zergling x4  
  27  6:11  Zergling x2  
  27  6:16  Zergling x4  
  28  6:21  Zergling x2  
  28  6:24  Baneling x2  
  26  6:26  Zergling x2  
  21  6:36  Drone  
  22  6:46  Baneling x2  
  21  6:47  Drone  
  21  6:53  Drone  
  21  6:54  Drone  
  24  7:00  Drone  
  24  7:06  Drone  
  24  7:16  Queen  
  24  7:21  Zergling x2  
  25  7:29  Drone x2  
  27  7:31  Drone  
  27  7:33  Drone  
  29  7:37  Drone  
  29  7:40  Drone  
  29  7:42  Baneling  
  31  7:45  Drone  
  31  7:48  Drone  
  33  7:54  Overlord  
  33  7:56  Baneling  
  33  8:00  Baneling  
  33  8:04  Baneling  
  33  8:06  Zergling x6  
  33  8:09  Overlord  
  33  8:13  Drone  
  33  8:14  Drone  
  29  8:26  Baneling  
  28  8:31  Drone x3  
  28  8:32  Drone  
  32  8:36  Drone  
  32  8:46  Baneling  
  34  8:49  Drone  
  34  8:52  Drone  
  34  8:53  Drone  
  34  8:55  Baneling  
  38  9:12  Spine Crawler  
Show
View Real Time Build Order
Export as new Build Order

Erik Zerg - Winner!

Build Orders: 1 Base Baneling Bust, Pool First, Zergling Baneling 

Get SALT Encoding   

  12  0:01  Drone  
  13  0:08  Drone  
  14  0:25  Spawning Pool  
  13  0:29  Drone  
  13  0:31  Extractor  
  13  0:35  Drone  
  14  0:44  Overlord  
  14  1:03  Drone  
  15  1:12  Zergling x4  
  15  1:14  Zergling x2  
  15  1:15  Baneling Nest  
  17  1:25  Zergling x2  
  17  1:28  Queen  
  20  1:36  Zergling x2  
  21  1:48  Zergling x2  
  22  1:59  Baneling  
  22  2:00  Baneling x2  
  22  2:04  Spine Crawler  
  22  2:16  Spine Crawler  
  22  2:18  Spine Crawler  
  22  2:20  Zergling x2  
  21  2:28  Zergling x2  
  20  2:39  Zergling x6  
  22  2:52  Overlord  
  22  2:57  Baneling x2  
  22  3:01  Overlord  
  22  3:11  Drone x2  
  24  3:16  Drone  
  24  3:30  Baneling x2  
  24  3:36  Drone x3  
  26  3:52  Zergling x4  
  26  3:53  Zergling x2  
  27  4:03  Zergling x2  
  24  4:17  Drone x2  
  24  4:19  Hatchery  
  25  4:32  Metabolic Boost  
  25  4:36  Drone  
  25  4:37  Drone x2  
  28  4:51  Baneling  
  28  4:53  Overlord  
  26  5:00  Zergling x2  
  26  5:01  Zergling x4  
  28  5:08  Queen  
  28  5:13  Zergling x2  
  31  5:24  Zergling x6, Evolution Chamber  
  33  5:34  Zergling x4  
  35  5:39  Drone  
  35  5:42  Drone  
  37  5:48  Drone  
  38  5:50  Zerg Ground Armor Level 1  
  38  5:51  Drone  
  38  5:52  Drone  
  38  5:53  Baneling  
  40  6:00  Drone x2  
  40  6:03  Drone  
  41  6:10  Baneling x3  
  40  6:14  Zergling x6  
  41  6:20  Zergling x6  
  41  6:34  Zergling x10  
  44  6:48  Hatchery  
  43  6:56  Drone x7  
  49  7:02  Baneling  
  49  7:03  Drone  
  49  7:04  Drone  
  48  7:13  Zergling x4  
  45  7:22  Zergling x2, Extractor  
  44  7:23  Zergling x2, Extractor  
  44  7:26  Roach Warren  
  44  7:28  Zergling x2  
  43  7:33  Zergling x2  
  44  7:39  Zergling x2  
  44  7:42  Baneling x2  
  44  7:43  Baneling x2  
  45  7:48  Zergling x4  
  47  7:51  Zergling x8  
  47  7:54  Overlord x3  
  51  8:09  Zergling x6  
  49  8:17  Zergling x6  
  50  8:22  Overlord  
  46  8:28  Roach  
  46  8:29  Roach x5  
  57  8:37  Roach x2  
  57  8:40  Baneling x2  
  57  8:41  Baneling x2  
  60  8:42  Baneling  
  60  8:45  Drone  
  60  8:47  Roach  
Tags
 
Add a new tag
Caveats
  • Supply blocks, unpowered buildings, or Contaminate may cause inaccurate times.
  • Supply counts are checked every 10 seconds.